 Dungeon Crawl Stone Soup version 0.27-a0-988-g25969acef8 (webtiles) character file.

Game seed: 6262903644332626677

249 funkygono the Firebug (level 5, -3/38 HPs)
             Began as a Draconian Fire Elementalist on Apr 16, 2021.
             Slain by a kobold brigand
             ... wielding a +0 flail
              (10 damage)
             ... on level 3 of the Dungeon.
             The game lasted 00:07:40 (3681 turns).

funkygono the Firebug (Draconian Fire Elementalist) Turns: 3681, Time: 00:07:40

Health: -3/38      AC:  6    Str: 11    XL:     5   Next: 86%
Magic:  0/10       EV: 12    Int: 16    God:
Gold:   103        SH:  0    Dex: 11    Spells: 4/11 levels left

rFire    . . .     SeeInvis .   f - +1 whip
rCold    . . .     Faith    .   (no shield)
rNeg     . . .     Spirit   .   (armour unavailable)
rPois    .         Reflect  .   (helmet restricted)
rElec    .         Harm     .   c - +0 cloak
rCorr    .         Rampage  .   (no gloves)
Will     +....                  (no boots)
Stlth    ++........             (no amulet)
HPRegen  0.12/turn              a - ring of willpower
MPRegen  0.12/turn              (no ring)

@: no status effects
A: AC +5, unfitting armour, cold-blooded
a: no special abilities


You were on level 3 of the Dungeon.
You visited 1 branch of the dungeon, and saw 4 of its levels.

You collected 103 gold pieces.

Inventory:

Hand Weapons
 f - a +1 whip (weapon)
Armour
 c - a +0 cloak (worn)
 d - a +1 kite shield
Magical Staves
 l - a staff of cold
Jewellery
 a - a ring of willpower (left hand)
Scrolls
 i - a scroll of enchant armour
Potions
 b - a potion of degeneration {unknown}
 e - a potion of ambrosia {unknown}
 g - a potion of mutation {unknown}
 h - a potion of heal wounds
 j - a potion of haste {unknown}
 k - 2 potions of magic {unknown}


   Skills:
 + Level 0.1 Fighting
 + Level 1.9 Dodging
 - Level 1.7 Stealth
 + Level 0.2 Unarmed Combat
 * Level 3.9 Spellcasting
 * Level 2.7 Conjurations
 * Level 4.5 Fire Magic


You had 4 spell levels left.
You knew the following spells:

 Your Spells              Type           Power      Damage    Failure   Level
a - Foxfire               Conj/Fire      56%        2x1d6     3%          1
b - Conjure Flame         Conj/Fire      14%        6-21      12%         3
c - Inner Flame           Hex/Fire       10%        N/A       21%         3

Your spell library contained the following spells:

 Spells                   Type           Power      Damage    Failure   Level
 Sticky Flame             Conj/Fire      14%        2d4       36%         4
 Fireball                 Conj/Fire      7%         3d5       71%         5


Dungeon Overview and Level Annotations

Branches:
Dungeon (4/15)
 Temple: D:4-7

Altars:
Kikubaaqudgha

Shops:
D:2 =


Innate Abilities, Weirdness & Mutations

Your plain brown scales are hard. (AC +5)
You cannot fit into any form of body armour.
You are cold-blooded and may be slowed by cold attacks.


Message History

The kobold brigand is lightly wounded.
The kobold brigand closely misses you.
Casting: Foxfire (safe; 3% risk of failure)
Confirm with . or Enter, or press ? or * to list all spells.
You conjure some foxfire!
The foxfire hits the kobold brigand.
The kobold brigand is moderately wounded.
The foxfire hits the kobold brigand but does no damage.
The kobold brigand is moderately wounded.
The kobold brigand hits you with a +0 flail.
Casting: Foxfire (safe; 3% risk of failure)
Confirm with . or Enter, or press ? or * to list all spells.
You conjure some foxfire!
The foxfire hits the kobold brigand.
The kobold brigand is moderately wounded.
The foxfire hits the kobold brigand.
The kobold brigand is heavily wounded.
The kobold brigand hits you with a +0 flail.
Casting: Foxfire (safe; 3% risk of failure)
Confirm with . or Enter, or press ? or * to list all spells.
You conjure some foxfire!
The foxfire hits the kobold brigand but does no damage.
The kobold brigand is heavily wounded.
The kobold brigand barely misses you.
Unknown command.
The foxfire hits the kobold brigand but does no damage.
The kobold brigand is heavily wounded.
The foxfire hits the kobold brigand.
The kobold brigand is heavily wounded.
The foxfire hits the kobold brigand but does no damage.
The kobold brigand is heavily wounded.
The kobold brigand drinks a potion.
The kobold brigand is healed!
You hit the kobold brigand.
Your tail-slap misses the kobold brigand.
The kobold brigand is lightly wounded.
The kobold brigand hits you with a +0 flail!
* * * LOW HITPOINT WARNING * * *
Casting: Foxfire (safe; 3% risk of failure)
Confirm with . or Enter, or press ? or * to list all spells.
You conjure some foxfire!
The kobold brigand hits you with a +0 flail!
You die...

......####..#.##..#####.......#..
......# #........# #.#.###.#.#
##.#.#####..#.##.## #.#.###.#.#
#......##.......# #....##.#.#
###.##.###....### #.#.###.#.#
##.##.###..†..## #.#.# #....
##..........>...## ##.#.###>..#
##...##.#.......Kv####...........
#.......+.......@.'..............
##...##.#.......v.####....####.#.
##^###.##.......## ##.#.# #.#.
####...###(....## ###.# #...
#....<...##...## ##.# ####
#.##.###.###'## #..# #.##.# #.#
#.# #.## #.##.###.# #.# #.#
#.##.....###.## #.#


You could see a kobold brigand (ally target).

Vanquished Creatures
  A necrophage (D:2)
  A hound (D:3)
  4 gnolls
  An adder (D:3)
  4 dart slugs
  7 ball pythons
  9 endoplasms
  2 giant cockroaches
  6 goblins
  3 hobgoblins
  14 jackals
  4 kobolds
  3 quokkas (D:3)
  7 bats
  6 rats
72 creatures vanquished.

Vanquished Creatures (collateral kills)
  A foxfire (D:4)
1 creature vanquished.

Vanquished Creatures (others)
  261 foxfires
261 creatures vanquished.

Grand Total: 334 creatures vanquished

Notes
Turn   | Place    | Note
-------+----------+-------------------------------------------
     0 | D:1      | funkygono the Draconian Fire Elementalist began the quest
                  | for the Orb.
     0 | D:1      | Reached XP level 1. HP: 14/14 MP: 3/3
   269 | D:1      | Reached XP level 2. HP: 20/20 MP: 1/5
  1192 | D:2      | Found Wirghes's Jewellery Boutique.
  1236 | D:2      | Reached XP level 3. HP: 26/26 MP: 1/6
  1425 | D:1      | Learned a level 3 spell: Conjure Flame
  1436 | D:1      | Learned a level 3 spell: Inner Flame
  1506 | D:2      | Noticed a necrophage
  1516 | D:2      | Killed a necrophage
  1517 | D:2      | Reached skill level 4 in Fire Magic
  1517 | D:2      | Reached XP level 4. HP: 26/33 MP: 2/8
  1647 | D:2      | Reached XP level 5. HP: 38/38 MP: 6/9
  1940 | D:2      | Found a faded altar of an unknown god.
  3412 | D:4      | Found an ancient bone altar of Kikubaaqudgha.
  3681 | D:3      | Slain by a kobold brigand

Illustrated notes

Levels and vault maps discovered:
D:1:      minmay_arrival_radiant_lines, layout_loops_ring
D:2:      layout_rooms, hellmonk_ecumenical_altar_leap_of_faith, serial_shops,
          shop
D:3:      layout_loops_corners, chequers_serial_rivers_marsh
D:4:      layout_cave_pools, kiku_gazebo_garden_becter

Skill      XL: |  1  2  3 |
---------------+----------+-----
Spellcasting   | 3 |  3.9
Conjurations   | 2 |  2.7
Fire Magic     | 4 |  4.5
Fighting       | |  0.1
Dodging        | |  1.9
Stealth        | |  1.7
Unarmed Combat | |  0.2

Action                   |  1- 3 |  4- 6 || total
-------------------------+-------+-------++-------
Melee: Unarmed           |     6 |       ||     6
       Club              |     2 |       ||     2
       Tailslap          |     1 |       ||     1
       Whip              |       |     1 ||     1
 Cast: Foxfire           |    52 |   103 ||   155
  Use: Scroll            |     1 |     5 ||     6
Armor: Skin              |     8 |    11 ||    19
Dodge: Dodged            |    15 |    30 ||    45

Table legend: (Time is in decaauts)
 A = Elapsed time spent in this place.
 B = Non-inter-level travel time spent in this place.
 C = Inter-level travel time spent in this place.
 D = Time resting spent in this place.
 E = Time spent auto-exploring this place.
 F = Levels seen in this place.
 G = Mean time per level.
                   A        B        C        D        E       F      G
               +--------+--------+--------+--------+--------+-----+--------+
         Total |   3688 |   3594 |     94 |    103 |   2886 |   4 |  922.0 |
       Dungeon |   3688 |   3594 |     94 |    103 |   2886 |   4 |  922.0 |
               +--------+--------+--------+--------+--------+-----+--------+

Top non-repeatable levels by time:
     D:1: 1285 daAuts
     D:3: 1265 daAuts
     D:2: 871 daAuts
     D:4: 265 daAuts
